 Dungeon Crawl Stone Soup version 0.26-a0-259-g1effd001a9 (webtiles) character file.

Game seed: 427393927576263512

163 mortelune the Distorting Ant (level 5, -3/42 HPs)
             Began as a Formicid Abyssal Knight on July 20, 2020.
             Was a Believer of Lugonu.
             Slain by an iguana (8 damage)
             ... on level 4 of the Dungeon.
             The game lasted 00:07:41 (4090 turns).

mortelune the Distorting Ant (FoAK)                 Turns: 4090, Time: 00:07:42

Health: -3/42      AC:  6    Str: 17    XL:     5   Next: 73%
Magic:  8/8        EV: 10    Int: 11    God:    Lugonu [**....]
Gold:   76         SH:  0    Dex: 11    Spells: 4/4 levels left

rFire    + + .     SeeInvis +   a - +2 falchion
rCold    . . .     Faith    .   (no shield)
rNeg     . . .     Spirit   .   f - +1 ring mail
rPois    .         Reflect  .   (helmet unavailable)
rElec    .         Harm     .   (no cloak)
rCorr    .                      (no gloves)
MR       .....                  (no boots)
Stlth    +.........             n - amulet of the acrobat (curse)
HPRegen  0.14/turn              j - ring of protection from fire
MPRegen  0.11/turn              F - ring of protection from fire

@: no status effects
A: permanent stasis, dig shafts and tunnels, four strong arms, antennae 3
a: Dig, Shaft Self, Depart the Abyss, Bend Space, Renounce Religion


You were on level 4 of the Dungeon.
You worshipped Lugonu.
Lugonu was pleased with you.
You were not hungry.

You visited 1 branch of the dungeon, and saw 4 of its levels.
You visited the Abyss 1 time.

You collected 76 gold pieces.

Inventory:

Hand Weapons
 a - a +2 falchion (weapon)
Missiles
 h - 5 boomerangs (quivered)
Armour
 b - a +0 leather armour
 f - a +1 ring mail (worn)
Jewellery
 e - an uncursed amulet of reflection {unknown}
 j - a ring of protection from fire (left hand)
 n - a cursed amulet of the acrobat (around neck)
 o - an uncursed ring of ice {unknown}
 F - a ring of protection from fire (right hand)
Scrolls
 d - a scroll of enchant weapon
 i - a scroll of immolation
 t - a scroll of teleportation
Potions
 g - a potion of flight {unknown}
 k - a potion of invisibility {unknown}
 l - a potion of lignification {unknown}
 m - 2 potions of curing {unknown}
Comestibles
 c - 7 rations


   Skills:
 + Level 4.1 Fighting
 * Level 3.8 Long Blades
 + Level 2.4 Armour
 - Level 0.8 Dodging
 - Level 4.1 Invocations


You had 4 spell levels left.
You didn't know any spells.
Your spell library was empty.

Dungeon Overview and Level Annotations

Branches:
Dungeon (4/15)
 Temple: D:4-7

Altars:
Cheibriados

Annotations:
D:3 Grinder, Sigmund


Innate Abilities, Weirdness & Mutations

You cannot be hasted, slowed, berserked, paralysed or teleported.
You can dig through walls and to a lower floor.
Your four strong arms can wield two-handed weapons with a shield.
You have a pair of large antennae on your head. (SInv)


Message History

The iguana is moderately wounded.
You barely miss the iguana.
The iguana is moderately wounded.
The iguana barely misses you.
You riposte.
You closely miss the iguana.
The iguana is moderately wounded.
You hit the iguana.
The iguana is severely wounded.
The iguana bites you!
You hit the iguana.
The iguana is severely wounded.
The iguana barely misses you.
You hit the iguana.
The iguana is severely wounded.
The iguana closely misses you.
You hit the iguana.
The iguana is almost dead.
The iguana bites you!
* * * LOW HITPOINT WARNING * * *
The iguana bites you!
You die...

.......?..# .....
..........## {##.....
...........## { ##......
..$.........#####.......
........................
%.......................
.......l................
..#####l#....#####.##..#
.. #@#...<'...#.##..#
###....###+#.....#
#.........####.#
#......... ####......#
#......+ #......#
########


You could see an iguana and a leopard gecko.

Vanquished Creatures
  A centaur skeleton (D:4)
  3 gnolls
  2 adders
  An ooze (D:2)
  2 worms (D:3)
  A dart slug (D:3)
  2 leopard geckos (D:1)
  4 giant cockroaches (D:1)
  11 goblins
  8 hobgoblins
  7 jackals
  9 kobolds
  A quokka (D:3)
  A ball python (D:3)
  7 bats
  A frilled lizard (D:2)
  11 rats
72 creatures vanquished.

Notes
Turn   | Place    | Note
-------+----------+-------------------------------------------
     0 | Abyss:1  | mortelune the Formicid Abyssal Knight began the quest for
                  | the Orb.
     0 | Abyss:1  | Reached XP level 1. HP: 18/18 MP: 2/2
    97 | D:1      | Escaped the Abyss
   430 | D:1      | Reached XP level 2. HP: 23/24 MP: 3/3
   656 | D:1      | Reached * piety under Lugonu
   872 | D:1      | Reached XP level 3. HP: 29/29 MP: 5/5
  1568 | D:2      | Reached XP level 4. HP: 34/37 MP: 6/6
  1729 | D:2      | Reached ** piety under Lugonu
  2403 | D:3      | Found a snail-covered altar of Cheibriados.
  2584 | D:3      | Noticed Sigmund
  2906 | D:3      | Reached XP level 5. HP: 41/42 MP: 7/7
  3063 | D:3      | Noticed Grinder
  4090 | D:4      | Slain by an iguana

Illustrated notes

Levels and vault maps discovered:
D:1:      saegor_arrival_simple_d, layout_rooms
D:2:      layout_basic, grunt_decor_fettered
D:3:      layout_loops_cross, kennysheep_slug_shrine, uniq_grinder,
          uniq_terence, uniq_sigmund
D:4:      layout_basic, minmay_temple_entry_mini_moons, first_ration,
          nicolae_ossuary_entry_giza, portal_sewer_entry_d, trog_hazing_becter

Skill      XL: |  1  2  3  4  5 |
---------------+----------------+-----
Invocations    | 3 4 |  4.1
Long Blades    | 3 |  3.8
Fighting       | 4 |  4.1
Armour         | |  2.4
Dodging        | |  0.8

Action                   |  1- 3 |  4- 6 || total
-------------------------+-------+-------++-------
Melee: Falchion          |    99 |   107 ||   206
Throw: Boomerang         |       |    11 ||    11
Invok: Depart the Abyss  |     1 |       ||     1
 Abil: Dig               |       |     2 ||     2
  Use: Scroll            |       |     6 ||     6
  Eat: Ration            |     1 |     2 ||     3
Armor: Leather armour    |    16 |       ||    16
       Ring mail         |    11 |    47 ||    58
Dodge: Dodged            |    72 |    68 ||   140
       Rpst.: Falchion   |    23 |    20 ||    43

Table legend:
 A = Non-vault XP
 B = Vault XP
 C = Vault XP percentage of total XP
 D = Non-vault monster count
 E = Vault monster count
 F = Vault count percentage of total count
                 A         B        C        D         E       F
            +---------+---------+-------+---------+---------+-------
      Total |     230 |       4 |   1.7 |      71 |       1 |   1.4
            +---------+---------+-------+---------+---------+-------
        D:1 |      49 |       0 |   0.0 |      28 |       0 |   0.0
        D:2 |      77 |       0 |   0.0 |      30 |       0 |   0.0
        D:3 |      63 |       4 |   6.0 |      12 |       1 |   7.7
        D:4 |      41 |       0 |   0.0 |       1 |       0 |   0.0
            +---------+---------+-------+---------+---------+-------
